 Dungeon Crawl Stone Soup version 0.31-a0-876-gfe8ebadbca (webtiles) character file.

Game seed: 14896183955305102036

576 Supercliff the Magician (level 7, -10/36 HPs)
             Began as a Deep Elf Conjurer on Oct 14, 2023.
             Mangled by an ogre
             ... wielding a +0 giant club
              (25 damage)
             ... on level 3 of the Dungeon.
             The game lasted 00:08:05 (3121 turns).

Supercliff the Magician (Deep Elf Conjurer)         Turns: 3121, Time: 00:08:06

Health: -10/36     AC: 11    Str:  4    XL:     7   Next: 13%
Magic:  19/19      EV: 12    Int: 25    God:
Gold:   205        SH:  0    Dex: 13    Spells: 13/20 levels left

rFire   . . .        k - +5 scythe (protect)
rCold   . . .        (shield currently unavailable)
rNeg    . . .        a - +0 robe
rPois   .            h - +1 helmet
rElec   .            (no cloak)
rCorr   .            (no gloves)
SInv    .            (no boots)
Will    .....        (no amulet)
Stlth   +            (no ring)
HPRegen 0.26/turn    (no ring)
MPRegen 0.16/turn

%: no passive effects
@: confused, ambrosia-drunk, under a protective aura
A: no striking features
a: no special abilities


You were on level 3 of the Dungeon.
You visited 1 branch of the dungeon, and saw 3 of its levels.

You collected 205 gold pieces.

Inventory:

Hand Weapons
 k - a +5 scythe of protection (weapon)
Armour
 a - a +0 robe (worn)
 h - a +1 helmet (worn)
Wands
 i - a wand of flame (11)
Scrolls
 e - a scroll of identify
 j - 2 scrolls of immolation {unknown}
 m - a scroll of silence {unknown}
Potions
 b - 3 potions of magic
 d - a potion of attraction
 f - a potion of heal wounds {unknown}
 l - a potion of brilliance {unknown}


   Skills:
 + Level 0.2 Fighting
 - Level 2.4 Dodging
 - Level 2.4 Stealth
 * Level 7.3 Spellcasting
 * Level 7.1 Conjurations
 + Level 2.7 Hexes


You had 13 spell levels left.
You knew the following spells:

 Your Spells              Type           Power      Damage    Failure   Level
a - Magic Dart            Conj           100%       1d8       1%          1
b - Searing Ray           Conj           88%        2d7       1%          2
c - Fulminant Prism       Conj/Hex       16%        3d11      9%          4

Your spell library contained the following spells:

 Spells                   Type           Power      Damage    Failure   Level
 Dazzling Flash           Conj/Hex       66%        N/A       2%          3
 Iskenderun's Mystic Bla  Conj/Tloc      27%        2d7       16%         4


Dungeon Overview and Level Annotations

Branches:
Dungeon (3/15)

Altars:

Annotations:
D:3 1 transporter, Fidwusch's ghost, amateur HuSh


Message History

Okay, then.
Casting: Fulminant Prism (quite dangerous; 9% risk of failure)
Confirm with . or Enter, or press ? or * to list all spells.
Aiming: Searing Ray (safe; 1% risk of failure)
Press: ? - help, Shift-Dir - straight line, f - ogre
Aim: an ogre, wielding the +2 giant club of Wisdom {elec, *Rage Fly Str+6 Int+3} (91% to hit)
The searing ray hits the ogre!
The ogre is moderately wounded. (Press . to maintain the ray.)
The searing ray hits the ogre!
The ogre is heavily wounded.
The searing ray hits the ogre!
The ogre is moderately wounded.
The searing ray hits the ogre.
The ogre is severely wounded.
The searing ray hits the ogre!
The ogre is almost dead.
The searing ray hits the ogre.
The ogre is almost dead.
The searing ray hits the ogre.
The ogre is almost dead.
You finish channelling your searing ray.
The ogre hits you with the +2 giant club of Wisdom {elec, *Rage Fly Str+6 Int+3}!
Fidwusch's ghost hits you but does no damage.
It was a potion of ambrosia.
You are confused.
You feel invigorated.
Fidwusch's ghost hits you but does no damage.
The ogre completely misses you.
The ogre hits you with the +2 giant club of Wisdom {elec, *Rage Fly Str+6 Int+3}!!
Ouch! That really hurt!
* * * LOW HITPOINT WARNING * * *
Unknown command.
You slash Fidwusch's ghost!
Your weapon exudes an aura of protection.
Fidwusch's ghost is moderately damaged.
Fidwusch's ghost hits you but does no damage.
The ogre hits you with a +0 giant club!!
Ouch! That really hurt!
You die...

#.......#### #.
#################.###############
..............................†..
###################.#<.#^########
###.####........#
#......#........#
#....#.#........#
#############....†....#
#.....@.$...#.........#
#..##OOW##..#.........#
#.#..#.#.. .#....)....#
#.#..#.#..#.##........#
#..##...##..###########
##.....[?...©## ###############
#.....©.©.....# # #.............#


You could see 2 ogres and Fidwusch's ghost.

Vanquished Creatures
  Grinder (D:3)
  Sigmund (D:2)
  Natasha (thrice) (D:2)
  An iguana (D:3)
  A gnoll (D:1)
  5 adders
  3 dart slugs
  An orc (D:2)
  4 bats
  7 endoplasms
  2 giant cockroaches
  2 hobgoblins
  3 jackals (D:3)
  2 quokkas
  5 ball pythons
  11 frilled lizards
  2 goblins
  6 kobolds
  5 rats
65 creatures vanquished.

Notes
Turn   | Place    | Note
-------+----------+-------------------------------------------
     0 | D:1      | Supercliff the Deep Elf Conjurer began the quest for the
                  | Orb.
     0 | D:1      | Reached XP level 1. HP: 10/10 MP: 6/6
    72 | D:1      | Reached XP level 2. HP: 15/15 MP: 1/8
   428 | D:1      | Learned a level 2 spell: Searing Ray
   577 | D:1      | Reached skill level 5 in Conjurations
   577 | D:1      | Reached XP level 3. HP: 19/19 MP: 7/10
  1573 | D:2      | Noticed Sigmund
  1580 | D:2      | Killed Sigmund
  1581 | D:2      | Reached skill level 5 in Spellcasting
  1581 | D:2      | Reached XP level 4. HP: 13/24 MP: 1/13
  1581 | D:2      | Reached XP level 5. HP: 16/28 MP: 1/15
  1776 | D:2      | Learned a level 4 spell: Fulminant Prism
  1792 | D:2      | Noticed Natasha
  1802 | D:2      | Killed Natasha
  2051 | D:2      | Reached skill level 1 in Hexes
  2068 | D:2      | Noticed Natasha
  2073 | D:2      | Killed Natasha
  2074 | D:2      | Reached XP level 6. HP: 24/32 MP: 10/17
  2206 | D:2      | Noticed Natasha
  2211 | D:2      | Killed Natasha
  2676 | D:3      | Noticed Grinder
  2684 | D:3      | Killed Grinder
  2685 | D:3      | Reached XP level 7. HP: 22/36 MP: 3/19
  3100 | D:3      | Found a transporter.
  3103 | D:3      | Noticed Fidwusch's ghost (amateur HuSh)
  3104 | D:3      | Identified the +2 giant club of Wisdom {elec, *Rage Fly
                  | Str+6 Int+3}
  3105 | D:3      | Found a transporter.
  3121 | D:3      | Mangled by an ogre

Illustrated notes

Levels and vault maps discovered:
D:1:      dpeg_arrival_court, layout_loops_corners, chequers_decorated_corner,
          minmay_hedge_maze, minmay_lizard_king
D:2:      layout_loops_ring, uniq_natasha, uniq_sigmund
D:3:      layout_basic, gammafunk_ghost_smash, uniq_grinder

Skill      XL: |  1  2  3  4  5  6 |
---------------+-------------------+-----
Spellcasting   | 4 5 6 7 |  7.3
Conjurations   | 5 6 7 |  7.1
Hexes          | 1 2 |  2.7
Fighting       | |  0.2
Dodging        | |  2.4
Stealth        | |  2.4

Action                     |  1- 3 |  4- 6 |  7- 9 || total
---------------------------+-------+-------+-------++-------
  Melee: Flail             |       |     1 |       ||     1
         Halberd           |       |       |     1 ||     1
   Cast: Magic Dart        |    49 |    32 |    25 ||   106
         Searing Ray       |     2 |     7 |     1 ||    10
    Use: Scroll            |       |     4 |       ||     4
         Potion            |       |       |     1 ||     1
 Armour: Robe              |     1 |     7 |     6 ||    14
  Dodge: Dodged            |     2 |     4 |     2 ||     8

Table legend: (Time is in decaauts)
 A = Elapsed time spent in this place.
 B = Non-inter-level travel time spent in this place.
 C = Inter-level travel time spent in this place.
 D = Time resting spent in this place.
 E = Time spent auto-exploring this place.
 F = Levels seen in this place.
 G = Mean time per level.
                   A        B        C        D        E       F      G
               +--------+--------+--------+--------+--------+-----+--------+
         Total |   3120 |   2878 |    242 |    256 |   2318 |   3 | 1040.0 |
       Dungeon |   3120 |   2878 |    242 |    256 |   2318 |   3 | 1040.0 |
               +--------+--------+--------+--------+--------+-----+--------+

Top non-repeatable levels by time:
     D:1: 1327 daAuts
     D:2: 1254 daAuts
     D:3: 538 daAuts
